 Dungeon Crawl Stone Soup version 0.15-a0-462-gf669498 (webtiles) character file.

92 BluebellGnoll the Magician (level 3, 1/19 HPs)
             Began as a Deep Elf Wizard on May 7, 2014.
             Quit the game on Level 1 of the Dungeon.
             The game lasted 00:09:02 (1086 turns).

BluebellGnoll the Magician (Deep Elf Wizard)        Turns: 1086, Time: 00:09:02

HP   1/19        AC  2     Str  4      XL: 3   Next: 10%
MP   4/15        EV 12     Int 23      God:
Gold 60          SH  0     Dex 13      Spells:  4 memorised,  7 levels left

rFire  + . .     SeeInvis .     f - +1,+2 dagger
rCold  + . .     Clarity  .     a - +0 robe
rNeg   . . .     Conserve .     (no shield)
rPois  +         rCorr    .     b - +0 hat
rElec  +         rRot     .     (no cloak)
SustAb . .       Spirit   .     (no gloves)
rMut   .         Warding  .     (no boots)
Saprov . . .     Stasis   .     (no amulet)
MR     .....                    (no ring)
                                (no ring)

@: repel missiles, flying (expiring), lethally poisoned, very slightly
contaminated, not resistant to hostile enchantments, unstealthy
A: no striking features
a: no special abilities


You were on level 1 of the Dungeon.
You were not hungry.

You visited 1 branch of the dungeon, and saw 2 of its levels.

You collected 60 gold pieces.

Inventory:

Hand weapons
 f - a +1,+2 dagger (weapon)
Missiles
 e - 16 darts (quivered)
Armour
 a - a +0 robe (worn)
 b - a +0 hat (worn)
Comestibles
 d - a bread ration
 h - an apple
 i - 2 chokos
 m - a pear
 o - a rotting chunk of rat flesh
 s - 2 chunks of worm flesh
Scrolls
 g - a scroll of identify {unknown}
 l - a scroll of teleportation {unknown}
 p - a scroll of remove curse {unknown}
 q - 3 scrolls of magic mapping {unknown}
 r - a scroll of enchant armour {unknown}
Jewellery
 j - a cursed -3 ring of strength {unknown}
Books
 c - a book of Minor Magic

   Spells                             Type                      Level
   *Magic Dart                        Conjuration                  1
   *Blink                             Translocation                2
   *Call Imp                          Summoning                    2
   *Repel Missiles                    Charms/Air                   2
   Slow                               Hexes                        2
   Conjure Flame                      Conjuration/Fire             3
   Mephitic Cloud                     Conjuration/Poison/Air       3


   Skills:
 - Level 2.4 Dodging
 - Level 2.4 Stealth
 + Level 6.0 Spellcasting
 - Level 1.1 Conjurations
 - Level 1.1 Summonings
 - Level 1.1 Translocations


You had 7 spell levels left.
You knew the following spells:

 Your Spells              Type           Power        Failure   Level  Hunger
a - Magic Dart            Conj           ##..         6%          1    None
b - Call Imp              Summ           ##......     10%         2    None
c - Blink                 Tloc           N/A          10%         2    None
d - Repel Missiles        Chrm/Air       #.....       14%         2    None


Dungeon Overview and Level Annotations

Branches:
Dungeon (2/15)

Altars:
Ashenzari
Fedhas
Vehumet

Annotations:
D:2 Terence


Message History

Confirm with . or Enter, or press ? or * to list all spells.
Aiming: Magic Dart
Press: ? - help, Shift-Dir - straight line, f/p - hobgoblin
Aim: a hobgoblin, wielding a club (lightly wounded)
The magic dart hits the hobgoblin.
The hobgoblin is moderately wounded.
You are starting to lose your buoyancy.
The hobgoblin throws a stone.
The stone barely misses you.
Casting: Magic Dart
Confirm with . or Enter, or press ? or * to list all spells.
Aiming: Magic Dart
Press: ? - help, Shift-Dir - straight line, f/p - hobgoblin
Aim: a hobgoblin, wielding a club (lightly wounded)
The magic dart hits the hobgoblin.
The hobgoblin is heavily wounded.
The hobgoblin throws a stone.
The stone completely misses you.
Quiver which item? (- for none, * to show all) (? for menu, Esc to quit)
Okay, then.
Unknown command.
Are you sure you want to abandon this character and quit the game? (Confirm with "yes".)

###### #....#####
#########....g>..#
.................#
.................#
....####........@#
....####.........#
.................#
......(..........#
.........##.#....#
.........##.#....#
.........##.#....#
.##......##.####.#
.##......##.# #.#


You could see a hobgoblin.

Vanquished Creatures
  A giant mite (D:2)
  A worm (D:2)
  A bat (D:1)
  A giant cockroach (D:1)
  4 goblins (D:1)
  3 hobgoblins (D:1)
  A ball python (D:2)
  3 giant newts (D:1)
  A kobold (D:2)
  3 rats
19 creatures vanquished.

Vanquished Creatures (collateral kills)
  An ooze (D:1)
  A hobgoblin (D:1)
2 creatures vanquished.

Grand Total: 21 creatures vanquished

Notes
Turn   | Place    | Note
--------------------------------------------------------------
     0 | D:1      | BluebellGnoll, the Deep Elf Wizard, began the quest for the Orb.
     0 | D:1      | Reached XP level 1. HP: 10/10 MP: 6/6
   280 | D:1      | Reached skill level 5 in Spellcasting
   418 | D:1      | Reached XP level 2. HP: 15/15 MP: 8/11
   479 | D:1      | Learned a level 2 spell: Call Imp
   693 | D:1      | Learned a level 2 spell: Blink
   696 | D:1      | Learned a level 2 spell: Repel Missiles
   888 | D:2      | Found a blossoming altar of Fedhas.
   903 | D:2      | Found a shattered altar of Ashenzari.
   940 | D:2      | Found a radiant altar of Vehumet.
  1068 | D:2      | Reached skill level 6 in Spellcasting
  1068 | D:2      | Reached XP level 3. HP: 5/19 MP: 5/15
  1072 | D:2      | Noticed Terence
  1086 | D:1      | Quit the game

Action                   || total
-------------------------++-------
Melee: Dagger            ||     8
 Cast: Magic Dart        ||    52
       Call Imp          ||     2
       Repel Missiles    ||     1
  Use: Potion            ||     2
 Stab: Sleeping          ||     2
